 Dungeon Crawl Stone Soup version 0.30-a0-989-g0d87f670db (webtiles) character file.

Game seed: 17341326034836205912

51 CowFu the Insei (level 3, -5/23 HPs)
             Began as an Octopode Transmuter on Apr 2, 2023.
             Was an Initiate of the Shining One.
             Slain by an orc priest
             ... wielding a +0 club
              (6 damage)
             ... on level 3 of the Dungeon.
             The game lasted 00:01:34 (1499 turns).

CowFu the Insei (Octopode Transmuter)               Turns: 1499, Time: 00:01:35

Health: -5/23      AC:  1    Str: 11    XL:     3   Next: 81%
Magic:  5/6        EV: 13    Int: 15    God:    the Shining One [......]
Gold:   153        SH:  0    Dex: 18    Spells: 5/6 levels left

rFire   . . .      SeeInvis .      - Unarmed
rCold   . . .      Faith    .    (no shield)
rNeg    . . .      Spirit   .    (helmet currently unavailable)
rPois   .          Reflect  .    (no amulet)
rElec   .          Rampage  .    e - +6 ring of dexterity
rCorr   .                        (no ring)
Will    .....                    (no ring)
Stlth   +                        (no ring)
HPRegen 0.23/turn                (no ring)
MPRegen 0.10/turn                (no ring)
                                 (no ring)
                                 (no ring)

@: appendages, glowing
A: tentacle spike 3, almost no armour, amphibious, 8 rings, camouflage 1,
gelatinous body 1, (nimble swimmer 1), tentacles
a: End Transformation, Renounce Religion


You were on level 3 of the Dungeon.
You worshipped the Shining One.
The Shining One was noncommittal.
One of your tentacles had grown a beastly spike.
You visited 1 branch of the dungeon, and saw 3 of its levels.

You collected 153 gold pieces.

Inventory:

Missiles
 c - a throwing net
Jewellery
 e - a +6 ring of dexterity (left tentacle)
 i - an amulet of magic regeneration
Scrolls
 b - 2 scrolls of identify {unknown}
 d - 2 scrolls of teleportation {unknown}
 f - a scroll of enchant weapon {unknown}
 g - a scroll of vulnerability {unknown}
Potions
 a - 2 potions of lignification
 h - 2 potions of brilliance {unknown}
 j - a potion of ambrosia {unknown}
 k - a potion of berserk rage {unknown}


   Skills:
 - Level 1.0 Fighting
 - Level 2.0 Dodging
 + Level 4.6 Unarmed Combat
 - Level 2.0 Spellcasting
 - Level 2.0 Transmutations


You had 5 spell levels left.
You knew the following spells:

 Your Spells              Type           Power      Damage    Failure   Level
a - Beastly Appendage     Tmut           14%        N/A       10%         1

Your spell library contained the following spells:

 Spells                   Type           Power      Damage    Failure   Level
 Wereblood                Tmut           7%         N/A       14%         2
 Spider Form              Tmut/Pois      4%         N/A       41%         3
 Ice Form                 Ice/Tmut       4%         N/A       82%         4


Dungeon Overview and Level Annotations

Branches:
Dungeon (3/15)

Altars:
The Shining One

Shops:
D:1 ((


Innate Abilities, Weirdness & Mutations

One of your tentacles has grown a beastly spike.
You cannot wear most types of armour.
You are amphibious.
You can wear up to eight rings at the same time.
Your skin changes colour to match your surroundings (Stealth+).
Your rubbery body absorbs attacks. (AC +1, EV +1)
((You are camouflaged when in or above water. (Stealth+)))
You have tentacles for arms and can constrict up to eight enemies at once.


Message History

You tentacle-slap the orc but do no damage.
You grab the orc. You squeeze the orc.
The orc is severely wounded.
You constrict the orc, but do no damage.
The orc shouts!
The orc barely misses you.
There are monsters nearby!
You tentacle-slap the orc but do no damage.
The orc is severely wounded.
You constrict the orc.
The orc struggles to escape constriction.
Casting: Beastly Appendage (safe; 10% risk of failure)
Confirm with . or Enter, or press ? or * to list all spells.
One of your tentacles grows a vicious spike.
You constrict the orc, but do no damage.
The orc escapes!
You tentacle-slap the orc but do no damage.
Your grab misses the orc.
You pierce the orc, but do no damage.
The orc is almost dead.
The orc hits you with a +0 flail!
You closely miss the orc. Your grab misses the orc.
Your squeeze misses the orc.
The orc is almost dead.
The orc hits you with a +0 hand axe! The orc barely misses you.
You are too injured to fight recklessly!
You are too injured to fight recklessly!
You are too injured to fight recklessly!
You are too injured to fight recklessly!
You tentacle-slap the orc. Your grab misses the orc.
You pierce the orc.
The orc is moderately wounded.
You barely miss the orc. You grab the orc.
You pierce the orc.
You kill the orc!
The orc hits you with a +0 flail!
* * * LOW HITPOINT WARNING * * *
You closely miss the orc priest. You grab the orc priest.
You pierce the orc priest.
The orc priest is moderately wounded.
You constrict the orc priest, but do no damage.
The orc barely misses you. The orc priest hits you with a +0 club.
You die...

#.....'.#.#..≈._.≈......#
#'#####.#............#..#
#.#.# #.###.#...###).# #
#...# #.#<...#..).......#
###.# ###..#.>.......##
#.# ................
#.#######..#.#######..##
#.......o###.# #..#
#.......@o...# #.#
#........##### +#
#........# #........#
#........# #........#
#........# ##########


You could see an orc priest and an orc.

Vanquished Creatures
  An adder (D:2)
  A dart slug (D:1)
  An orc (D:3)
  5 ball pythons
  2 endoplasms
  4 giant cockroaches
  5 goblins
  A hobgoblin (D:2)
  A quokka (D:1)
  5 bats
  4 frilled lizards
  5 kobolds
  2 rats
37 creatures vanquished.

Notes
Turn   | Place    | Note
-------+----------+-------------------------------------------
     0 | D:1      | CowFu the Octopode Transmuter began the quest for the Orb.
     0 | D:1      | Reached XP level 1. HP: 13/13 MP: 3/3
   157 | D:1      | Reached XP level 2. HP: 12/18 MP: 5/5
   371 | D:1      | Found Diyjuf's Weapon Shoppe.
   421 | D:1      | Found Hube Nui's Antique Weapon Shop.
   830 | D:2      | Reached skill level 4 in Unarmed Combat
   889 | D:2      | Reached XP level 3. HP: 19/23 MP: 6/6
  1008 | D:2      | Found a faded altar of an unknown god.
  1383 | D:3      | Found a glowing golden altar of the Shining One.
  1393 | D:3      | Became a worshipper of the Shining One
  1498 | D:3      | HP: 1/23 [orc/+0 flail (7)]
  1499 | D:3      | Slain by an orc priest

Illustrated notes

Levels and vault maps discovered:
D:1:      wheals_arrival_linesprint, layout_loops_cross, serial_shops, shop,
          shop
D:2:      layout_basic, chequers_ecumenical_altar_simple_redux, serial_curves,
          eino_curves_02, eino_curves_03
D:3:      layout_basic, mainiacjoe_overflow_tiny_flanked, eino_tiny_chamber,
          minmay_misc_feat_encased, nicolae_concentric_dashed_squares_wild,
          corexii_item_surrounded_by_moat

Skill      XL: |  1  2 |
---------------+-------+-----
Unarmed Combat | 4 |  4.6
Fighting       | |  1.0
Dodging        | |  2.0
Spellcasting   | |  2.0
Transmutations | |  2.0

Action                     || total
---------------------------++-------
  Melee: Unarmed           ||    72
         Tentacles         ||    16
         Constrict         ||    22
         Kick              ||    11
   Cast: Beastly Appendage ||    12
   Stab: Sleeping          ||    12
 Armour: Skin              ||    12
  Dodge: Dodged            ||    33

Table legend: (Time is in decaauts)
 A = Elapsed time spent in this place.
 B = Non-inter-level travel time spent in this place.
 C = Inter-level travel time spent in this place.
 D = Time resting spent in this place.
 E = Time spent auto-exploring this place.
 F = Levels seen in this place.
 G = Mean time per level.
                   A        B        C        D        E       F      G
               +--------+--------+--------+--------+--------+-----+--------+
         Total |   1492 |   1424 |     68 |      0 |   1182 |   3 |  497.3 |
       Dungeon |   1492 |   1424 |     68 |      0 |   1182 |   3 |  497.3 |
               +--------+--------+--------+--------+--------+-----+--------+

Top non-repeatable levels by time:
     D:1: 770 daAuts
     D:2: 607 daAuts
     D:3: 114 daAuts
